Workbook
Name Print_Area: 'DOSSIER COMPLET'!$A$2:$C$97

Sheet DOSSIER COMPLET
A6: Année universitaire | B6: 20____ / 20____
A8: Numéro étudiant : | B8: _______________
A10: Fiche de liaison logistique en vue d’une soutenance de thèse
A12: A remettre au secrétariat des Écoles doctorales, 18 Quai Claude BERNARD, au moins dix semaines avant la date prévue de soutenance, en parallèle de votre demande de soutenance ADUM
A13: Ce document est téléchargeable sur le site www.univ-lyon2.fr.
A14: NB : La réservation de la salle est faite par votre gestionnaire d'ED
A17: 1. Le doctorant
A19: Nom
A20: Prénom
A21: UR de rattachement
A22: Téléphone mobile
A23: Courriel pérenne (*) différent de votre adresse institutionnelle
A24: (*) Obligatoire votre mail personnel doit nous permettre de vous contacter après votre soutenance.
A25: 2. Le directeur de Thèse
... A62: Merci de désigner les deux membres du jury dont les frais de déplacement et de séjour seront pris en charge par l’établissement.
A64: NOM | B64: Prénom | C64: Adresse mail
A71: Merci de désigner les membres du jury dont les frais de déplacement et de séjour seront pris en charge par le laboratoire.
A73: NOM | B73: Prénom | C73: Adresse mail
A80: RÉGLEMENTATION
A82: I. FRAIS DE DÉPLACEMENT
A84: - 2 personnes sont prises en charge par l’établissement dont une seule venant de l’étranger. Les autres sont prises en charge par l’unité de recherche.
A86: La prise en charge maximum par personne (transport et séjour compris) par l’établissement est de :
A87: • 320 € pour la France
A88: • 670 € pour l’étranger
A90: Les billets (avion, train) ainsi que les nuitées seront réservés obligatoirement par la Direction de la recherche dans la limite des forfaits indiqués ci-dessus. Aucun remboursement sur justificatif n'est plus possible
A92: La Direction de la recherche transmettra par courriel aux personnes désignées les documents ci-dessous :
A93: · Une fiche de demande de création de missionnaire
A94: · Une fiche de souhaits précisant les détails du déplacement
A96: Ceux-ci devront être retournés aux services financiers (dred.edfinances@univ-lyon2.fr) et au secrétariat de l'Ecole Doctorale concernée impérativement trois semaines avant la date de soutenance accompagnés obligatoirement, pour les fonctionnaires ou assimilés extérieurs à l’Université Lumière Lyon 2, d'une attestation de non-paiement (ordre de mission sans frais) de leur organisme de rattachement.
A102: II. SALLE DE SOUTENANCE ET SALLE DE CONVIVIALITE
... A113: Tél : 04 78 69 76 69 ou : 04 78 69 76 99
B116: Le/la doctorant.e
B118: …………………………………………….
B121: Signature :

Sheet SYNTHESE SOUTENANCE
A1: DATE DE LA SOUTENANCE | B1: ='DOSSIER COMPLET'!C37 -> 0
A2: HEURE DE LA SOUTENANCE | B2: ='DOSSIER COMPLET'!C38 -> 0
A3: ECOLE DOCTORALE | B3: ='DOSSIER COMPLET'!A34 -> ED
A5: INFORMATIONS CONCERNANT LE DOCTORANT
A6: NOM | B6: ='DOSSIER COMPLET'!B19 -> 0
A7: Prénom | B7: ='DOSSIER COMPLET'!B20 -> 0
A8: Téléphone | B8: ='DOSSIER COMPLET'!B22 -> 0
A9: Adresse mail | B9: ='DOSSIER COMPLET'!B23 -> 0
A10: Unité de Recherche | B10: ='DOSSIER COMPLET'!#REF! -> #REF!
A11: NOM Directeur de Thèse | B11: ='DOSSIER COMPLET'!B28 -> 0
A12: Prénom Directeur de Thèse | B12: ='DOSSIER COMPLET'!B29 -> 0
A13: Mail Directeur de Thèse | B13: ='DOSSIER COMPLET'!B30 -> 0
A14: INFORMATIONS CONCERNANT LA SOUTENANCE
A15: Visioconférence demandée: | B15: ='DOSSIER COMPLET'!#REF! -> #REF!
A16: Confidentialité/huis clos demandés: | B16: ='DOSSIER COMPLET'!C39 -> 0
A17: Site de soutenance: | B17: ='DOSSIER COMPLET'!C40 -> 0
A18: Si autre site: | B18: ='DOSSIER COMPLET'!C41 -> 0
A19: Réservé Gestionnaire, salle souhaitée
A20: Capacité de la salle (nombre de personnes attendues): | B20: ='DOSSIER COMPLET'!C42 -> 0
A21: Accès PMR | B21: ='SYNTHESE SOUTENANCE'!C18 -> 0
A22: Nombre de membres du jury présents dans la salle: | B22: ='DOSSIER COMPLET'!C44 -> 0
A23: Nombre de membres du jury qui suivent la soutenance à distance | B23: ='DOSSIER COMPLET'!C45 -> 0
A24: Assistance sur les équipements audiovisuels de la salle pour projection | B24: ='DOSSIER COMPLET'!C46 -> 0
A25: Mise à disposition d'un ordinateur portable pour la soutenance | B25: ='DOSSIER COMPLET'!C47 -> 0
A26: Besoins spécifiques: panneaux signalétiques, nombre | B26: ='DOSSIER COMPLET'!C48 -> 0
A27: Besoin d'une salle supplémentaire pour moment convivial | B27: ='DOSSIER COMPLET'!C49 -> 0
A28: Heure de mise à disposition de la salle de convivialité | B28: ='DOSSIER COMPLET'!C50 -> 0
A29: Nom de l'interlocuteur pour remise des clés au PC sécurité | B29: ='DOSSIER COMPLET'!C51 -> 0
A30: Téléphone de l'interlocuteur pour remise des clés au PC sécurité | B30: ='DOSSIER COMPLET'!C52 -> 0
A31: Livraison par un traiteur ? | B31: ='DOSSIER COMPLET'!C53 -> 0
A32: Si oui, nom de la société ou de la personne qui livre | B32: ='DOSSIER COMPLET'!C54 -> 0
A33: Heure d'arrivée de la personne/ société qui livre | B33: ='DOSSIER COMPLET'!C55 -> 0
A34: Informations complémentaires | B34: ='DOSSIER COMPLET'!C56 -> 0

Sheet Feuil1
A1: Sites de Soutenance
A2: Campus Porte des Alpes, Bron
A3: Campus Berge du Rhône, Lyon 7°
A4: Autre site, préciser

Sheet PRISE EN CHARGE FINANCIERE
A1: Titre du mail
A2: ='DOSSIER COMPLET'!A34 -> ED | B2: SOUTENANCE | C2: ='DOSSIER COMPLET'!B19 -> 0 | D2: ='DOSSIER COMPLET'!B20 -> 0
A3: Doctorat/HDR | B3: ='DOSSIER COMPLET'!C37 -> 0
A5: Corps du message
A7: SOUTENANCE:
A8: ED
A9: Thèse ou HDR: | B9: Thèse
A10: Date de Soutenance: | B10: ='DOSSIER COMPLET'!C37 -> 0
A11: Horaire de la soutenance: | B11: ='DOSSIER COMPLET'!C38 -> 0
A12: Lieu de soutenance: | B12: ='DOSSIER COMPLET'!C40 -> 0
A13: Adresse si autre site: | B13: ='DOSSIER COMPLET'!C41 -> 0
A15: CANDIDAT:
A16: Nom | B16: ='DOSSIER COMPLET'!B19 -> 0
A17: Prénom | B17: ='DOSSIER COMPLET'!B20 -> 0
A18: Laboratoire (doctorant ou garant) | B18: ='DOSSIER COMPLET'!B21 -> 0
A21: DIRECTEUR DE THESE (ou garant):
A22: Nom | B22: ='DOSSIER COMPLET'!B28 -> 0
A23: Prénom | B23: ='DOSSIER COMPLET'!B29 -> 0
A24: E-mail | B24: ='DOSSIER COMPLET'!B30 -> 0
A26: MEMBRES DU JURY PRIS EN CHARGE PAR LA DRED
A28: Jury | B28: Nom | C28: Prénom | D28: email
A29: Personne 1 | B29: ='DOSSIER COMPLET'!A65 -> 0 | C29: ='DOSSIER COMPLET'!B65 -> 0 | D29: ='DOSSIER COMPLET'!C65 -> 0
A30: Personne 2 | B30: ='DOSSIER COMPLET'!A66 -> 0 | C30: ='DOSSIER COMPLET'!B66 -> 0 | D30: ='DOSSIER COMPLET'!C66 -> 0
A32: MEMBRES DU JURY PRIS EN CHARGE PAR LE LABO
A34: Jury | B34: Nom | C34: Prénom | D34: email
A35: Personne 1 | B35: ='DOSSIER COMPLET'!A74 -> 0 | C35: ='DOSSIER COMPLET'!B74 -> 0 | D35: ='DOSSIER COMPLET'!C74 -> 0
A36: Personne 2 | B36: ='DOSSIER COMPLET'!A75 -> 0 | C36: ='DOSSIER COMPLET'!B75 -> 0 | D36: ='DOSSIER COMPLET'!C75 -> 0
A37: Personne 3 | B37: ='DOSSIER COMPLET'!A76 -> 0 | C37: ='DOSSIER COMPLET'!B76 -> 0 | D37: ='DOSSIER COMPLET'!C76 -> 0
A38: Personne 4 | B38: ='DOSSIER COMPLET'!A77 -> 0 | C38: ='DOSSIER COMPLET'!B77 -> 0 | D38: ='DOSSIER COMPLET'!C77 -> 0
A39: Personne 5 | B39: ='DOSSIER COMPLET'!A78 -> 0 | C39: ='DOSSIER COMPLET'!B78 -> 0 | D39: ='DOSSIER COMPLET'!C78 -> 0
A42: INFORMATIONS COMPLEMENTAIRES
